 Dungeon Crawl Stone Soup version 0.28.0-53-g5a82cb258f (webtiles) character file.

Game seed: 15769615841869621593

175 bnorton916 the Magician (level 5, -8/28 HPs)
             Began as a Deep Elf Fire Elementalist on May 29, 2022.
             Mangled by an ogre
             ... wielding a +0 giant club
              (11 damage)
             ... on level 3 of the Dungeon.
             The game lasted 00:03:17 (3806 turns).

bnorton916 the Magician (DEFE)                      Turns: 3806, Time: 00:03:17

Health: -8/28      AC:  6    Str:  5    XL:     5   Next: 29%
Magic:  3/14       EV: 12    Int: 28    God:
Gold:   121        SH:  0    Dex: 15    Spells: 7/13 levels left

rFire   . . .      SeeInvis .   m - +2 dagger (vamp)
rCold   . . .      Faith    .   (no shield)
rNeg    . . .      Spirit   .   a - +0 robe
rPois   .          Reflect  .   h - +2 helmet
rElec   .          Harm     .   (no cloak)
rCorr   .          Rampage  .   g - +0 pair of gloves
Will    .....                   (no boots)
Stlth   ++........              (no amulet)
HPRegen 0.09/turn               e - +6 ring of intelligence
MPRegen 0.14/turn               (no ring)

@: no status effects
A: no striking features
a: no special abilities


You were on level 3 of the Dungeon.
You visited 1 branch of the dungeon, and saw 4 of its levels.

You collected 121 gold pieces.

Inventory:

Hand Weapons
 m - a +2 vampiric dagger (weapon)
Missiles
 d - 58 stones
Armour
 a - a +0 robe (worn)
 g - a +0 pair of gloves (worn)
 h - a +2 helmet (worn)
Jewellery
 e - a +6 ring of intelligence (left hand)
Scrolls
 f - a scroll of silence
 l - a scroll of noise
 o - a scroll of teleportation
Potions
 b - a potion of brilliance {unknown}
 c - 2 potions of berserk rage {unknown}
 k - a potion of cancellation {unknown}
 n - a potion of attraction {unknown}
 p - 2 potions of curing
 q - a potion of heal wounds {unknown}


   Skills:
 - Level 2.4 Dodging
 - Level 2.4 Stealth
 + Level 4.9 Spellcasting
 + Level 3.3 Conjurations
 + Level 4.7 Fire Magic


You had 7 spell levels left.
You knew the following spells:

 Your Spells              Type           Power      Damage    Failure   Level
a - Foxfire               Conj/Fire      100%       2x1d9     1%          1
b - Scorch                Fire           66%        2d8       1%          2
c - Conjure Flame         Conj/Fire      29%        6-21      3%          3

Your spell library contained the following spells:

 Spells                   Type           Power      Damage    Failure   Level
 Inner Flame              Hex/Fire       20%        N/A       8%          3
 Flame Wave               Conj/Fire      29%        2d8       13%         4


Dungeon Overview and Level Annotations

Branches:
Dungeon (4/15)
 Temple: D:4-7

Altars:

Shops:
D:2 [


Message History

Confirm with . or Enter, or press ? or * to list all spells.
You conjure some foxfire!
The foxfire hits the ogre.
The ogre is lightly wounded.
The foxfire hits the ogre.
The ogre is moderately wounded.
The ogre closely misses you.
Casting: Foxfire (safe; 1% risk of failure)
Confirm with . or Enter, or press ? or * to list all spells.
Flames lash the goblin.
You kill the goblin!
The goblin hits you with a +0 dagger. The ogre hits you with a +0 giant club.
The goblin hits you with a +0 dagger. The goblin closely misses you.
Casting: Scorch (safe; 1% risk of failure)
Confirm with . or Enter, or press ? or * to list all spells.
Flames lash the ogre.
The ogre is heavily wounded.
The ogre's fire resistance burns away.
The goblin barely misses you. The goblin hits you but does no damage.
Casting: Scorch (safe; 1% risk of failure)
Confirm with . or Enter, or press ? or * to list all spells.
Flames lash the goblin.
You kill the goblin!
You hear a shout!
The ogre is no longer more vulnerable to fire.
Casting: Scorch (safe; 1% risk of failure)
Confirm with . or Enter, or press ? or * to list all spells.
Flames lash the ogre.
The ogre is almost dead.
The ogre's fire resistance burns away.
The ogre hits you with a +0 giant club!
* * * LOW HITPOINT WARNING * * *
The ogre closely misses you.
Unknown command.
Casting: Scorch (safe; 1% risk of failure)
Confirm with . or Enter, or press ? or * to list all spells.
Flames lash the goblin.
You kill the goblin!
The ogre hits you with a +0 giant club!
You die...

#........#....#####
#g#
.....###..รท#.#.####
#g#
#.##.##.....###...#
#.#
#.##.##....#.#.##.#
#O#
#.##.##.#.###.###.#
#.#########
#.##.##.#.# #.# #.#
#.)........
........#.# #.# #.#
###.#######
..##.####.#
#.###.#### ##)######
..##.####.#
#.##@O).)###...#...##
#.##......#
#.##.###............#
#.##..##### #.##.#
#..###.###....
>.....#######.##.#
##.#.....#....
#.............##.#
#.#.....#...>
#####.##########.#
#...........# #.# #.#
#.#.>...#.#.# #.#
#.####.#.....#.#.#
#.####
#......###.###.#.#


You could see an ogre (combustible).

Vanquished Creatures
  An ogre (D:3)
  2 adders (D:2)
  2 worms (D:2)
  A dart slug (D:2)
  An orc (D:3)
  7 bats
  11 endoplasms
  A giant cockroach (D:1)
  12 goblins
  4 hobgoblins
  4 quokkas
  6 ball pythons
  6 frilled lizards
  A kobold (D:1)
  7 rats
66 creatures vanquished.

Vanquished Creatures (others)
  268 foxfires
268 creatures vanquished.

Grand Total: 334 creatures vanquished

Notes
Turn   | Place    | Note
-------+----------+-------------------------------------------
     0 | D:1      | bnorton916 the Deep Elf Fire Elementalist began the quest
                  | for the Orb.
     0 | D:1      | Reached XP level 1. HP: 10/10 MP: 6/6
   293 | D:1      | Reached XP level 2. HP: 13/15 MP: 1/8
  1435 | D:2      | Reached XP level 3. HP: 19/19 MP: 7/10
  2214 | D:2      | Found Qaolikid's Armour Emporium.
  2228 | D:2      | Reached XP level 4. HP: 24/24 MP: 7/12
  2732 | D:4      | Noticed an ogre
  2740 | D:3      | Learned a level 2 spell: Scorch
  2744 | D:3      | Learned a level 3 spell: Conjure Flame
  2771 | D:3      | Killed an ogre
  2772 | D:3      | Reached XP level 5. HP: 6/28 MP: 8/14
  3771 | D:3      | Noticed an ogre
  3806 | D:3      | Mangled by an ogre

Illustrated notes

Levels and vault maps discovered:
D:1:      dpeg_arrival_round_a, layout_basic, minmay_hexomino_u4
D:2:      layout_rooms, serial_shops, shop
D:3:      layout_loops_ring, moated_statue, st_stairs_3, minmay_ogre_servants
D:4:      layout_loops_cross, nicolae_wu_jian_immortal_techniques,
          uniq_menkaure, uniq_blork_the_orc, uniq_edmund

Skill      XL: |  1  2  3  4 |
---------------+-------------+-----
Conjurations   | 2 3 |  3.3
Spellcasting   | 4 |  4.9
Fire Magic     | 4 |  4.7
Dodging        | |  2.4
Stealth        | |  2.4

Action                   |  1- 3 |  4- 6 || total
-------------------------+-------+-------++-------
 Cast: Foxfire           |   118 |    51 ||   169
       Scorch            |       |     8 ||     8
  Use: Scroll            |       |     8 ||     8
Armor: Robe              |     2 |     2 ||     4
Dodge: Dodged            |    17 |     5 ||    22
